 Dungeon Crawl Stone Soup version 0.21.1-1-g345015f (webtiles) character file.

538 empire the Conjurer (level 7, 0/36 HPs)
             Began as a Deep Elf Conjurer on May 29, 2018.
             Was a Follower of Sif Muna.
             Slain by a hound (5 damage)
             ... on level 4 of the Dungeon.
             The game lasted 00:16:05 (4375 turns).

empire the Conjurer (Deep Elf Conjurer)             Turns: 4375, Time: 00:16:05

Health: 0/36       AC:  2    Str:  6    XL:     7   Next: 5%
Magic:  0/19       EV: 13    Int: 20    God:    Sif Muna [*.....]
Gold:   253        SH:  0    Dex: 16    Spells: 9/19 levels left

rFire    . . .     SeeInvis .   a - +0 dagger
rCold    . . .     Gourm    .   (no shield)
rNeg     . . .     Faith    .   f - +0 robe
rPois    .         Spirit   .   (no helmet)
rElec    .         Reflect  .   (no cloak)
rCorr    .         Harm     .   (no gloves)
MR       .....                  (no boots)
Stlth    +++.......             (no amulet)
HPRegen  0.12/turn              g - ring of stealth
MPRegen  0.16/turn              q - ring of flight

@: no status effects
A: no striking features
a: Divine Energy, Renounce Religion, Evoke Flight


You were on level 4 of the Dungeon.
You worshipped Sif Muna.
Sif Muna was aware of your devotion.
You were not hungry.

You visited 1 branch of the dungeon, and saw 4 of its levels.

You collected 253 gold pieces.

Inventory:

Hand Weapons
 a - a +0 dagger (weapon)
Missiles
 e - 10 javelins (quivered)
Armour
 f - a +0 robe (worn)
 k - a +0 leather armour
 x - a +2 ring mail of cold resistance
 A - a +2 chain mail of magic resistance
Jewellery
 g - a ring of stealth (left hand)
 q - a ring of flight (right hand)
Wands
 w - a wand of random effects (24)
Scrolls
 d - a scroll of fear {unknown}
 j - a scroll of teleportation
 m - a scroll of amnesia {unknown}
 o - a scroll of blinking {unknown}
 r - 3 scrolls of random uselessness {unknown}
 s - 3 scrolls of enchant armour {unknown}
 t - 2 scrolls of remove curse {unknown}
 u - 2 scrolls of magic mapping {unknown}
 y - 3 scrolls of identify
Potions
 h - 2 potions of flight
 i - a potion of heal wounds
 l - a potion of lignification {unknown}
 n - a potion of degeneration {unknown}
 p - a potion of resistance {unknown}
 v - a potion of invisibility {unknown}
 z - 2 potions of berserk rage {unknown}
 B - a potion of haste {unknown}
Books
 b - a book of Conjurations

   Spells                             Type                      Level
   a - Magic Dart                     Conjuration                  1
   b - Searing Ray                    Conjuration                  2
   c - Dazzling Spray                 Conjuration/Hexes            3
   d - Fulminant Prism                Conjuration/Hexes            4
   e - Force Lance                    Conjuration/Translocation    4
   f - Iskenderun's Mystic Blast      Conjuration                  4
Comestibles
 c - 7 rations
 C - 4 chunks of flesh


   Skills:
 - Level 2.4 Dodging
 - Level 3.0 Stealth
 + Level 6.9 Spellcasting
 - Level 7.0 Conjurations
 - Level 3.1 Hexes


You had 9 spell levels left.
You knew the following spells:

 Your Spells              Type           Power        Failure   Level  Hunger
a - Magic Dart            Conj           ####         1%          1    None
b - Searing Ray           Conj           #####.       1%          2    None
c - Dazzling Spray        Conj/Hex       ####..       3%          3    #......
d - Iskenderun's Mystic   Conj           #####...     5%          4    ###....


Dungeon Overview and Level Annotations

Branches:
Dungeon (4/15)
 Temple: D:4-7

Altars:
Ashenzari
Elyvilon
Gozag
Qazlal
Sif Muna
Zin


Message History

The hound is moderately wounded.
The hound closely misses you. The hound barely misses you.
You hit the hound.
The hound is heavily wounded.
The hound closely misses you.
You hit the hound.
The hound is heavily wounded.
The hound bites you.
* * * LOW HITPOINT WARNING * * *
The hound bites you.
* * * LOW HITPOINT WARNING * * *
Casting: Magic Dart
Confirm with . or Enter, or press ? or * to list all spells.
Aiming: Magic Dart
Press: ? - help, Shift-Dir - straight line, f/p - hound
Aim: a hound (heavily wounded)
The magic dart hits the hound.
The hound is almost dead.
The hound bites you.
You die...

#........ #........
.......# ......#
##....# . ##.....#
...######......#
#...)...h......## ##
#......@).......###.##
####..)######...#.....
#..# #......... #.#
#......... ##
##........ ##........
##......... ###
##..........
#.#####....#......


You could see a hound.

Vanquished Creatures
  A scorpion (D:3)
  A howler monkey (D:4)
  3 orc priests
  An iguana (D:4)
  Ijyb (D:3)
  6 orc wizards
  4 adders
  An ooze (D:3)
  An adder skeleton (D:4)
  2 worms (D:3)
  2 dart slugs
  3 leopard geckos
  14 orcs
  4 giant cockroaches
  7 hobgoblins
  2 jackals (D:1)
  11 kobolds
  2 quokkas
  2 ball pythons
  8 bats
  7 frilled lizards
  7 goblins
  A quokka skeleton (D:4)
  7 rats
98 creatures vanquished.

Notes
Turn   | Place    | Note
-------+----------+-------------------------------------------
     0 | D:1      | empire the Deep Elf Conjurer began the quest for the Orb.
     0 | D:1      | Reached XP level 1. HP: 10/10 MP: 6/6
   102 | D:1      | Found a shattered altar of Ashenzari.
   561 | D:1      | Reached XP level 2. HP: 15/15 MP: 6/8
   847 | D:1      | Reached skill level 5 in Conjurations
  1136 | D:1      | Reached XP level 3. HP: 19/19 MP: 6/10
  1559 | D:2      | Reached XP level 4. HP: 24/24 MP: 12/12
  1579 | D:2      | Found a stormy altar of Qazlal.
  1580 | D:2      | Found a glowing silver altar of Zin.
  1695 | D:2      | Learned a level 2 spell: Searing Ray
  1699 | D:2      | Learned a level 3 spell: Dazzling Spray
  1704 | D:2      | Learned a level 4 spell: Iskenderun's Mystic Blast
  1705 | D:2      | Found a deep blue altar of Sif Muna.
  2001 | D:2      | Became a worshipper of Sif Muna the Loreminder
  2173 | D:3      | Reached skill level 6 in Conjurations
  2173 | D:3      | Reached XP level 5. HP: 28/28 MP: 4/13
  2303 | D:3      | Noticed Ijyb
  2310 | D:3      | Killed Ijyb
  2445 | D:3      | Reached skill level 1 in Hexes
  2499 | D:3      | Reached * piety under Sif Muna
  2499 | D:3      | Reached skill level 7 in Conjurations
  2727 | D:3      | Found a white marble altar of Elyvilon.
  2752 | D:3      | Reached XP level 6. HP: 16/32 MP: 3/15
  3660 | D:4      | Found an opulent altar of Gozag.
  3686 | D:4      | Reached skill level 5 in Spellcasting
  3765 | D:3      | HP: 1/32 [poisoned by an orc wizard]
  3783 | D:3      | HP: 1/32 [poisoned by an orc wizard]
  3890 | D:4      | HP: 1/32 [orc/stone (1)]
  4356 | D:4      | Reached XP level 7. HP: 23/36 MP: 1/19
  4375 | D:4      | Slain by a hound

Skill      XL: |  1  2  3  4  5  6 |
---------------+-------------------+-----
Conjurations   | 5 6 7 |  7.0
Stealth        | 3 |  3.0
Spellcasting   | 4 6 |  6.9
Hexes          | 2 3 |  3.1
Dodging        | |  2.4

Action                   |  1- 3 |  4- 6 |  7- 9 || total
-------------------------+-------+-------+-------++-------
Melee: Dagger            |    29 |    32 |     5 ||    66
Throw: Javelin           |       |     2 |       ||     2
 Cast: Magic Dart        |    70 |    74 |     5 ||   149
       Searing Ray       |       |     8 |       ||     8
       Iskenderun's Myst |       |    10 |       ||    10
  Use: Potion            |     2 |     4 |       ||     6
       Scroll            |       |     5 |       ||     5
 Stab: Sleeping          |     1 |     2 |       ||     3
  Eat: Chunk             |     2 |     9 |     1 ||    12
Armor: Robe              |     6 |     8 |       ||    14
Dodge: Dodged            |    30 |    28 |     4 ||    62
